 Dungeon Crawl Stone Soup version 0.28.0 (webtiles) character file.

Game seed: 12925415023404536758

100 Hasart the Caller (level 4, 0/32 (33) HPs)
             Began as a Demigod Summoner on Feb 15, 2022.
             Slain by a gnoll (2 damage)
             ... on level 3 of the Dungeon.
             The game lasted 00:07:06 (3983 turns).

Hasart the Caller (Demigod Summoner)                Turns: 3983, Time: 00:07:07

HP:   0/32 (33)     AC:  6    Str:  9    XL:     4   Next: 23%
MP:   10/10         EV: 12    Int: 21    God:
Gold: 35            SH:  0    Dex: 14    Spells: 2/8 levels left

rFire   . . .      SeeInvis .   j - +0 falchion (elec)
rCold   . . .      Faith    .   (no shield)
rNeg    . . .      Spirit   .   a - +0 robe
rPois   .          Reflect  .   k - +1 helmet
rElec   .          Harm     .   (no cloak)
rCorr   .          Rampage  .   (no gloves)
Will    .....                   m - +1 pair of boots
Stlth   ++........              (no amulet)
HPRegen 0.10/turn               (no ring)
MPRegen 0.12/turn               (no ring)

@: lightly drained
A: high MP 1, forlorn, divine attributes
a: no special abilities


You were on level 3 of the Dungeon.
You visited 1 branch of the dungeon, and saw 3 of its levels.

You collected 35 gold pieces.

Inventory:

Hand Weapons
 b - a +0 short sword
 j - a +0 falchion of electrocution (weapon)
Armour
 a - a +0 robe (worn)
 k - a +1 helmet (worn)
 m - a +1 pair of boots (worn)
Magical Staves
 i - a staff of conjuration
Jewellery
 e - an amulet of magic regeneration
Scrolls
 c - 2 scrolls of identify {unknown}
 g - a scroll of teleportation {unknown}
 h - 3 scrolls of amnesia {unknown}
 l - a scroll of immolation {unknown}
 n - a scroll of summoning {unknown}
Potions
 d - a potion of haste {unknown}
 f - 2 potions of flight {unknown}
 o - a potion of curing {unknown}


   Skills:
 + Level 2.8 Dodging
 - Level 1.8 Stealth
 + Level 2.6 Spellcasting
 + Level 4.3 Summonings


You had 2 spell levels left.
You knew the following spells:

 Your Spells              Type           Power      Damage    Failure   Level
a - Summon Small Mammal   Summ           80%        N/A       2%          1
b - Call Imp              Summ           20%        N/A       3%          2
c - Call Canine Familiar  Summ           20%        N/A       7%          3

Your spell library contained the following spells:

 Spells                   Type           Power      Damage    Failure   Level
 Blink                    Tloc           4%         N/A       21%         2
 Corpse Rot               Necr/Air       4%         N/A       21%         2
 Ensorcelled Hibernation  Hex/Ice        4%         N/A       21%         2
 Poisonous Vapours        Pois/Air       4%         N/A       21%         2
 Summon Guardian Golem    Hex/Summ       11%        N/A       17%         3
 Gell's Gravitas          Tloc           2%         N/A       38%         3
 Lesser Beckoning         Tloc           2%         N/A       38%         3
 Spider Form              Tmut/Pois      2%         N/A       38%         3
 Teleport Other           Tloc           2%         N/A       38%         3
 Summon Lightning Spire   Summ/Air       11%        N/A       50%         4
 Anguish                  Hex/Necr       1%         N/A       80%         4
 Manifold Assault         Tloc           2%         N/A       98%         5
 Dispersal                Tloc           1%         N/A       100%        6


Dungeon Overview and Level Annotations

Branches:
Dungeon (3/15)


Innate Abilities, Weirdness & Mutations

You have an increased reservoir of magic. (+10% MP)
You shall have no god before yourself.
Your divine heritage dramatically boosts your attributes as you level up.


Message History

Your hound bites the gnoll sergeant.
Your hound bites the gnoll sergeant.
The gnoll sergeant hits your hound with a +0 trident.
Your hound bites the gnoll sergeant but does no damage.
The gnoll sergeant hits your hound with a +0 trident!
Your hound dies!
Your hound's corpse disappears in a puff of smoke!
You climb upwards.
There is a stone staircase leading down here.
You start resting.
Magic restored.
There is an escape hatch in the floor here.
You slide downwards.
The hatch slams shut behind you.
Found 11 stones.
You see here 11 stones.
n - a scroll labelled GAINLY CIBLAGAIROE
o - a glowing green potion The gnoll shouts!
You hear a shout!
A bat comes into view.
The iguana hisses angrily.
Unknown command.
The gnoll barely misses you. The bat barely misses you.
The gnoll closely misses you. The iguana bites you! The bat closely misses you.
The bat completely misses you.
Found 9 gold pieces.
The bat hits you but does no damage.
The gnoll sergeant completely misses you.
The iguana barely misses you.
The gnoll shouts!
The bat closely misses you.
The gnoll sergeant hits you from afar with a +0 trident!
The gnoll barely misses you. The bat closely misses you. The bat misses you.
The bat hits you but does no damage. The bat barely misses you.
The bat misses you. The bat hits you but does no damage.
The gnoll hits you with a +1 flail of draining!
* * * LOW HITPOINT WARNING * * *
You feel drained.
You die...

### ##########
#.##### ......b@.#
#...... ........g#
####.#. .......g.#
#.## ........g##
#..#
........l.#######
##..
#####..##.g.....##
##. ##. #........##
##.
.............####..
.###................


You could see a gnoll sergeant, an iguana, 3 gnolls and a bat.

Vanquished Creatures
  An orc (D:3)
  A giant cockroach (D:1)
  3 goblins
  4 hobgoblins (D:1)
  2 jackals (D:3)
  3 kobolds
  A quokka (D:2)
  6 ball pythons
  2 bats (D:2)
  A frilled lizard (D:2)
  4 rats
  A spectral hobgoblin (D:1)
29 creatures vanquished.

Vanquished Creatures (collateral kills)
  2 gnolls (D:3)
  3 adders
  2 dart slugs
  2 orcs (D:3)
  3 goblins (D:2)
  A hobgoblin (D:1)
  2 jackals (D:3)
  A ball python (D:3)
  A frilled lizard (D:3)
  2 kobolds
19 creatures vanquished.

Grand Total: 48 creatures vanquished

Notes
Turn   | Place    | Note
-------+----------+-------------------------------------------
     0 | D:1      | Hasart the Demigod Summoner began the quest for the Orb.
     0 | D:1      | Reached XP level 1. HP: 14/14 MP: 5/5
   737 | D:1      | Reached XP level 2. HP: 9/20 MP: 7/7
   740 | D:1      | Learned a level 2 spell: Call Imp
  2403 | D:2      | Reached skill level 4 in Summonings
  2403 | D:2      | Reached XP level 3. HP: 26/26 MP: 5/9
  2571 | D:2      | Learned a level 3 spell: Call Canine Familiar
  3581 | D:3      | Noticed a gnoll sergeant
  3776 | D:3      | Reached XP level 4. HP: 33/33 MP: 7/10
  3983 | D:3      | Slain by a gnoll

Illustrated notes

Levels and vault maps discovered:
D:1:      kennysheep_arrival_seaside, layout_loops_ring,
          dreamdust_ecumenical_altar_drowned_temple
D:2:      layout_loops_ring, hangedman_abyss_or_decor_stabs
D:3:      layout_rooms, mainiacjoe_overflow_boulevard

Skill      XL: |  1  2 |
---------------+-------+-----
Dodging        | 2 |  2.8
Spellcasting   | 2 |  2.6
Summonings     | 4 |  4.3
Stealth        | |  1.8

Action                   |  1- 3 |  4- 6 || total
-------------------------+-------+-------++-------
Melee: Short sword       |    81 |       ||    81
       Unarmed           |     3 |       ||     3
       Punch             |     1 |       ||     1
       Falchion          |    20 |       ||    20
       Staff             |     3 |       ||     3
 Cast: Summon Small Mamm |     9 |       ||     9
       Call Imp          |    15 |       ||    15
       Call Canine Famil |     5 |     2 ||     7
 Stab: Sleeping          |     4 |       ||     4
Armor: Robe              |    26 |     3 ||    29
Dodge: Dodged            |    83 |    13 ||    96
